Map: Templo Congelado

Players

TheZergLord - Winner!

  • Race: Zerg Zerg
  • League: Master

Goronox

  • Race: Terran Terran
  • League: Diamond

VOD

Have the link to the VOD?

Description

Time

  • Played on: May 24, 2016, 6:53 p.m.
  • Length: 10:20
Show
View Real Time Build Order
Export as new Build Order

TheZergLord Zerg - Winner!

Build Orders: Hatch First, Muta Ling Bane 

Get SALT Encoding   

  12  0:01  Drone  
  13  0:12  Overlord  
  13  0:18  Drone  
  14  0:31  Drone x2  
  14  0:34  Drone  
  17  0:52  Hatchery  
  17  0:55  Drone  
  17  1:09  Spawning Pool  
  17  1:11  Drone  
  17  1:14  Extractor  
  17  1:16  Drone  
  17  1:20  Drone  
  18  1:31  Drone  
  19  1:39  Overlord  
  19  1:56  Queen  
  19  1:57  Zergling x2  
  22  2:01  Zergling x2  
  22  2:04  Queen, Zergling x2  
  26  2:17  Metabolic Boost  
  26  2:21  Drone  
  26  2:22  Drone  
  28  2:26  Drone x2  
  30  2:33  Drone  
  31  2:39  Drone  
  32  2:51  Queen, Extractor  
  31  2:53  Overlord  
  31  2:54  Drone x2  
  35  3:03  Drone  
  37  3:10  Hatchery  
  36  3:15  Drone x3  
  36  3:16  Overlord  
  36  3:18  Drone  
  40  3:24  Drone x3  
  43  3:37  Drone x2  
  43  3:40  Queen x2  
  49  3:43  Overlord  
  49  3:47  Overlord  
  49  3:49  Drone x2  
  49  3:52  Drone  
  52  4:09  Overlord  
  52  4:10  Drone x5  
  52  4:15  Drone x3  
  60  4:26  Lair  
  60  4:29  Queen  
  62  4:32  Queen  
  62  4:37  Drone x2  
  66  4:39  Baneling Nest  
  66  4:40  Evolution Chamber  
  66  4:42  Drone x2  
  66  4:43  Drone x2  
  68  4:50  Overlord  
  68  4:51  Drone, Extractor  
  68  4:52  Drone, Extractor  
  68  4:53  Drone x2  
  68  4:54  Drone  
  68  4:55  Drone x3  
  68  4:58  Overlord  
  74  5:09  Overlord  
  74  5:11  Zergling x12  
  80  5:15  Zergling x4  
  80  5:19  Zergling x6  
  85  5:22  Zergling x2  
  86  5:30  Zergling x6  
  86  5:31  Zergling x4  
  86  5:34  Zerg Ground Armor Level 1  
  91  5:40  Drone  
  91  5:41  Drone x2  
  91  5:46  Centrifical Hooks  
  91  5:49  Drone  
  92  5:50  Drone  
  92  5:51  Hatchery  
  92  5:53  Zergling x8  
  92  5:54  Zergling x4  
  98  5:59  Hatchery, Overlord  
  98  6:00  Overlord  
  97  6:04  Overseer  
  97  6:14  Baneling x2  
  97  6:15  Baneling x3  
  97  6:16  Baneling x4  
  97  6:19  Zergling x14  
  97  6:20  Zergling x10  
  95  6:46  Drone x3  
  98  6:47  Drone x2, Extractor  
  98  6:48  Spire  
  98  6:51  Drone x3  
  98  6:52  Drone x2  
  98  6:54  Zergling x2, Extractor  
  101  6:55  Zergling x2, Extractor  
  101  6:56  Baneling  
  101  6:57  Baneling x5  
  101  6:58  Drone  
  103  7:05  Queen  
  103  7:07  Drone x2  
  106  7:10  Overlord  
  106  7:13  Drone  
  106  7:14  Zergling x2  
  106  7:15  Evolution Chamber, Zergling x6  
  110  7:28  Zergling x16  
  110  7:29  Zergling x4  
  120  7:30  Zerg Ground Armor Level 2  
  120  7:32  Baneling  
  120  7:33  Baneling x3  
  120  7:35  Zergling x2  
  120  7:36  Zergling x4  
  123  7:48  Zerg Melee Weapons Level 1  
  118  8:07  Mutalisk  
  118  8:08  Mutalisk x4  
  121  8:15  Mutalisk  
  118  8:22  Spore Crawler  
  118  8:23  Drone x7, Spine Crawler  
  118  8:24  Drone x10  
  128  8:29  Drone, Infestation Pit  
  122  8:37  Overseer  
  122  8:38  Pneumatized Carapace  
  122  8:39  Mutalisk  
  114  9:00  Zergling x10  
  114  9:01  Zergling x28  
  133  9:09  Extractor x2  
  131  9:13  Drone x2  
  131  9:15  Overlord x3  
  133  9:23  Baneling x3  
  133  9:24  Baneling x22  
  133  9:27  Baneling  
  133  9:28  Baneling  
  133  9:29  Overlord x5  
  133  9:37  Drone x5  
  138  9:38  Drone  
  138  9:45  Zergling x2  
  140  9:46  Zergling x20  
Show
View Real Time Build Order
Export as new Build Order

Goronox Terran 

Build Orders: Liberator Opening, Reaper Expand, MMM Bio 

Get SALT Encoding   

  12  0:01  SCV  
  13  0:13  SCV  
  14  0:17  Supply Depot  
  14  0:25  SCV  
  15  0:39  SCV  
  15  0:40  Barracks  
  16  0:47  Refinery  
  16  0:51  SCV  
  17  1:03  SCV  
  18  1:18  SCV  
  19  1:31  Reaper, Orbital Command  
  20  1:42  Command Center  
  20  1:54  Refinery, Supply Depot  
  20  1:58  SCV  
  21  2:08  Barracks Reactor  
  21  2:13  Barracks  
  21  2:16  SCV  
  22  2:30  SCV  
  22  2:34  Factory  
  23  2:52  Marine x2  
  23  2:55  Orbital Command  
  25  3:00  Barracks Tech Lab, Bunker  
  25  3:13  Marine x2  
  25  3:16  SCV  
  28  3:23  Factory Reactor  
  28  3:25  SCV  
  28  3:26  Starport  
  28  3:35  Supply Depot  
  28  3:36  SCV  
  28  3:38  SCV  
  28  3:39  Marine  
  31  3:41  Stimpack  
  31  3:46  Marine x2  
  31  3:48  SCV  
  34  3:50  SCV  
  35  3:59  Liberator  
  35  4:04  Liberator  
  35  4:05  SCV x2  
  37  4:17  SCV x2, Supply Depot  
  45  4:24  Marine x3  
  45  4:29  SCV x2  
  50  4:32  Refinery x2  
  50  4:36  Widow Mine  
  52  4:41  SCV x2  
  52  4:42  Marine, Supply Depot  
  52  4:44  Engineering Bay  
  55  4:47  Marine  
  55  4:52  Marine  
  57  4:53  SCV x2  
  59  5:05  SCV x2  
  61  5:13  Medivac  
  63  5:15  Command Center  
  63  5:17  SCV  
  63  5:18  SCV  
  63  5:20  Marine x3  
  68  5:27  Medivac  
  70  5:58  SCV x2, Marine x3, Supply Depot  
  70  5:59  Supply Depot  
  75  6:10  SCV  
  76  6:16  Marine  
  75  6:35  Marine x3  
  69  6:52  Marine x2  
  69  6:53  Medivac x2, Marine  
  76  6:57  Widow Mine  
  76  7:00  SCV x2  
  80  7:03  Barracks  
  80  7:04  Barracks  
  80  7:10  Marine x3  
  80  7:14  Factory  
  80  7:15  Factory, Supply Depot, Terran Infantry Weapons Level 1  
  83  7:20  Engineering Bay, Supply Depot  
  83  7:22  Armory  
  83  7:28  Factory Reactor  
  83  7:33  Marine x3  
  86  7:37  Combat Shields  
  86  7:41  Orbital Command  
  86  7:48  SCV  
  86  7:49  SCV  
  88  7:59  Marine x3  
  88  8:00  Barracks Tech Lab  
  88  8:01  Factory Reactor x2  
  78  8:20  Marine  
  69  8:29  Orbital Command  
  49  8:46  Marine x5  
  51  8:59  Hellion  
  51  9:00  Hellion x5  
  61  9:03  Marine  
  61  9:04  Marine x4  
  61  9:05  Missile Turret  
  64  9:17  Missile Turret  
  64  9:19  SCV x3  
  64  9:20  Supply Depot  
  64  9:21  Marine x2  
  64  9:22  Marine x3  
  72  9:27  Hellion x3  
  72  9:28  Hellion  
  80  9:31  SCV  
  81  9:39  Marine x4  
  81  9:40  Marine  
  86  9:58  Marine x2  
  55  10:01  Marine x3  
Tags
 
Add a new tag
Caveats
  • Supply blocks, unpowered buildings, or Contaminate may cause inaccurate times.
  • Supply counts are checked every 10 seconds.